 Dungeon Crawl Stone Soup version 0.23-a0-344-ge122d05 (webtiles) character file.

1617 galech the Chopper (level 8, -6/61 HPs)
             Began as a Demonspawn Fighter on Oct 19, 2018.
             Was a Priest of Okawaru.
             Killed from afar by an orc wizard (9 damage)
             ... with a magic dart
             ... on level 6 of the Dungeon.
             The game lasted 00:06:02 (4740 turns).

galech the Chopper (Demonspawn Fighter)             Turns: 4740, Time: 00:06:03

Health: -6/61      AC: 17    Str: 16    XL:     8   Next: 64%
Magic:  0/8        EV: 10    Int: 13    God:    Okawaru [***...]
Gold:   282        SH: 10    Dex: 18    Spells: 7/7 levels left

rFire    . . .     SeeInvis .   J - +0 war axe (venom)
rCold    . . .     Gourm    .   c - +0 shield
rNeg     . . .     Faith    .   H - +0 chain mail
rPois    .         Spirit   +   (no helmet)
rElec    .         Reflect  .   z - +1 cloak {+Inv}
rCorr    .         Harm     .   x - +1 pair of gloves {Dex+3}
MR       .....                  r - +0 pair of boots
Stlth    ..........             w - amulet of the acrobat
HPRegen  0.20/turn              n - +4 ring of evasion
MPRegen  0.11/turn              q - +3 ring of intelligence

@: slowed, very slow
A: talons 1, yellow scales 1, spiny 2, magic shield
a: Heroism, Renounce Religion, Evoke Invisibility


You were on level 6 of the Dungeon.
You worshipped Okawaru.
Okawaru was most pleased with you.
You were not hungry.

You visited 1 branch of the dungeon, and saw 6 of its levels.

You collected 282 gold pieces.

Inventory:

Hand Weapons
 a - a +0 war axe
 J - a +0 war axe of venom (weapon)
Armour
 c - a +0 shield (worn)
 r - a +0 pair of boots (worn)
 x - a +1 pair of gloves of dexterity (worn)
 z - a +1 cloak of invisibility (worn)
 E - a +1 leather armour of cold resistance
 H - a +0 chain mail (worn)
Jewellery
 n - a +4 ring of evasion (left hand)
 q - a +3 ring of intelligence (right hand)
 w - an amulet of the acrobat (around neck)
 B - an uncursed amulet of the gourmand
Wands
 t - a wand of flame (16)
Scrolls
 e - 6 scrolls of amnesia {unknown}
 j - 2 scrolls of enchant armour {unknown}
 m - 2 scrolls of immolation {unknown}
 o - 10 scrolls of identify {unknown}
 p - 3 scrolls of teleportation {unknown}
 s - a scroll of enchant weapon {unknown}
 v - 2 scrolls of fog {unknown}
 y - a scroll of magic mapping {unknown}
 C - a scroll of noise {unknown}
 D - a scroll of blinking {unknown}
 G - a scroll of remove curse {unknown}
 L - a scroll of silence {unknown}
 M - a scroll of vulnerability {unknown}
Potions
 d - 3 potions of might
 g - 2 potions of haste {unknown}
 h - 3 potions of degeneration {unknown}
 i - 2 potions of flight {unknown}
 k - 4 potions of curing {unknown}
 l - a potion of agility {unknown}
 u - 2 potions of lignification {unknown}
 A - 2 potions of invisibility {unknown}
 F - 3 potions of heal wounds {unknown}
 I - a potion of brilliance {unknown}
 K - a potion of resistance {unknown}
Comestibles
 b - 2 chunks of flesh
 f - 11 rations


   Skills:
 + Level 4.7 Fighting
 + Level 7.0 Axes
 + Level 4.4 Armour
 + Level 2.9 Dodging
 + Level 0.1 Stealth
 + Level 5.2 Shields


You had 7 spell levels left.
You didn't know any spells.
Your spell library contained the following spells:

 Spells                   Type           Power        Failure   Level  Hunger
 Animate Skeleton         Necr           N/A          100%        1    ##.....
 Apportation              Tloc           #.....       100%        1    ##.....
 Confusing Touch          Hex            #.....       100%        1    ##.....
 Summon Small Mammal      Summ           #...         100%        1    ##.....


Dungeon Overview and Level Annotations

Branches:
Dungeon (6/15)
 Temple: D:4-7

Altars:
Hepliaklqana
Okawaru
Qazlal
Ru
Xom
Yredelemnul


Innate Abilities, Weirdness & Mutations

You have sharp toenails.
You are partially covered in yellow scales. (AC +2)
You are mostly covered in sharp spines.
When hurt, damage is shared between your health and your magic reserves.


Message History

The orc wizard hits you but does no damage. x2
Some of the chunks of flesh in your inventory have rotted away.
The orc wizard closely misses you.
The orc priest mumbles some strange prayers to Beogh against you.
Pain shoots through your body!
* * * LOW HITPOINT WARNING * * *
The orc wizard gestures wildly while chanting.
The orc wizard blinks!
You closely miss the orc priest.
The orc priest is struck by your spines.
The orc priest hits you with a +0 dagger.
The orc wizard hits you but does no damage.
You block the orc priest's attack.
Your chain mail prevents you from hitting the orc priest.
The orc priest is moderately wounded.
You hit the orc wizard but do no damage.
The orc wizard is poisoned.
The orc wizard gestures at you while chanting.
The magic dart hits you!
You die...

.... #.#...... #.....
... #...##### #.....
....###..# # #..#..
........####.
#..#.##########........
#........# ##.#.....
#........# #####.......
#........###...........
#....o@o)..............
#......................
#......).##............
#........##............
#........##............
#........##....[.......
############...........
##..........
###########


You could see an orc priest and an orc wizard.

Vanquished Creatures
  Eustachio (D:4)
  Menkaure (D:5)
  A water moccasin (D:5)
  An orc warrior (D:6)
  2 ogres
  A scorpion (D:4)
  4 wights (D:5)
  A howler monkey (D:5)
  2 crimson imps (D:6)
  3 hounds
  A bullfrog zombie (D:6)
  2 orc priests
  2 orc wizards
  3 iguanas
  Natasha (thrice) (D:2)
  3 worker ants
  A worker ant zombie (D:5)
  5 adders
  A gnoll (D:1)
  An ooze (D:5)
  5 worms
  4 leopard geckos
  11 orcs
  A ball python (D:1)
  6 giant cockroaches
  8 hobgoblins
  14 jackals
  A quokka (D:6)
  5 bats
  2 frilled lizards
  7 goblins
  10 kobolds
  2 leopard gecko skeletons
  A quokka skeleton (D:6)
  7 rats
123 creatures vanquished.

Vanquished Creatures (others)
  An orc wizard (D:3)
1 creature vanquished.

Grand Total: 124 creatures vanquished

Notes
Turn   | Place    | Note
-------+----------+-------------------------------------------
     0 | D:1      | galech the Demonspawn Fighter began the quest for the Orb.
     0 | D:1      | Reached XP level 1. HP: 18/18 MP: 1/1
   115 | D:1      | Gained mutation: When hurt, damage is shared between your
                  | health and your magic reserves. [demonic ancestry]
   115 | D:1      | Reached XP level 2. HP: 21/24 MP: 2/2
   234 | D:1      | Reached skill level 2 in Axes
   448 | D:1      | Gained mutation: You are partially covered in yellow
                  | scales. (AC +2) [demonic ancestry]
   448 | D:1      | Reached XP level 3. HP: 27/29 MP: 3/3
   897 | D:2      | Noticed Natasha
  1115 | D:2      | Killed Natasha
  1115 | D:2      | Reached XP level 4. HP: 20/35 MP: 4/4
  1385 | D:2      | Found a stormy altar of Qazlal.
  1489 | D:2      | Noticed Natasha
  1509 | D:2      | Killed Natasha
  1625 | D:2      | Noticed Natasha
  1637 | D:2      | Killed Natasha
  1637 | D:2      | Reached skill level 3 in Axes
  1637 | D:2      | Reached skill level 1 in Dodging
  1637 | D:2      | Gained mutation: You have sharp toenails. [demonic
                  | ancestry]
  1637 | D:2      | Reached XP level 5. HP: 23/42 MP: 1/5
  2216 | D:3      | Found a hazy altar of Hepliaklqana.
  2217 | D:3      | Found a shimmering altar of Xom.
  2217 | D:3      | Noticed a hell beast
  2218 | D:3      | Noticed a hell beast
  2218 | D:3      | Noticed a spectral ugly thing
  2634 | D:3      | Found an iron altar of Okawaru.
  2678 | D:3      | Became a worshipper of Warmaster Okawaru
  2940 | D:4      | Noticed Eustachio
  2972 | D:4      | Killed Eustachio
  2972 | D:4      | Reached skill level 4 in Axes
  2972 | D:4      | Reached XP level 6. HP: 39/48 MP: 4/6
  3174 | D:4      | Reached * piety under Okawaru
  3732 | D:4      | Gained mutation: You are partially covered in sharp spines.
                  | [demonic ancestry]
  3732 | D:4      | Reached XP level 7. HP: 54/54 MP: 7/7
  3894 | D:5      | Entered Level 5 of the Dungeon
  3932 | D:5      | Reached skill level 5 in Axes
  4068 | D:5      | Reached ** piety under Okawaru
  4081 | D:5      | Found a basalt altar of Yredelemnul.
  4101 | D:5      | Gained mutation: You are mostly covered in sharp spines.
                  | [demonic ancestry]
  4101 | D:5      | Reached XP level 8. HP: 50/61 MP: 5/8
  4226 | D:5      | Found a sacrificial altar of Ru.
  4350 | D:5      | Noticed Menkaure
  4360 | D:5      | Killed Menkaure
  4360 | D:5      | Reached skill level 6 in Axes
  4589 | D:6      | Reached skill level 5 in Shields
  4735 | D:6      | Reached *** piety under Okawaru
  4737 | D:6      | Reached skill level 7 in Axes
  4738 | D:6      | HP: 3/61 [orc priest/nerve-wracking pain (9)]
  4740 | D:6      | Killed from afar by an orc wizard

Vault maps used:
D:1:      dpeg_arrival_windows_large_door
D:2:      nicolae_overflow_crystal_walls, first_ration, uniq_natasha
D:3:      regret_index_temple_of_mockery, old_standard_altar
D:4:      uniq_eustachio
D:5:      kennysheep_mini, nicolae_overflow_hidden_temple, uniq_menkaure

Skill      XL: |  1  2  3  4  5  6  7  8 |
---------------+-------------------------+-----
Axes           | 2 3 4 5 7 |  7.0
Shields        | 3 4 5 |  5.2
Armour         | 3 4 |  4.4
Dodging        | 1 2 |  2.9
Fighting       | 4 |  4.7
Stealth        | |  0.1

Action                   |  1- 3 |  4- 6 |  7- 9 || total
-------------------------+-------+-------+-------++-------
Melee: War axe           |    92 |   212 |   124 ||   428
  Eat: Chunk             |     1 |     9 |     3 ||    13
Armor: Scale mail        |    36 |    74 |       ||   110
       Chain mail        |       |     5 |    44 ||    49
Dodge: Dodged            |    52 |   117 |    51 ||   220
Block: Shield            |    48 |   109 |    61 ||   218

Table legend:
 A = Non-vault XP
 B = Vault XP
 C = Vault XP percentage of total XP
 D = Non-vault monster count
 E = Vault monster count
 F = Vault count percentage of total count
                 A         B        C        D         E       F
            +---------+---------+-------+---------+---------+-------
      Total |    1900 |     410 |  17.7 |     121 |       3 |   2.4
            +---------+---------+-------+---------+---------+-------
        D:1 |      50 |       0 |   0.0 |      23 |       0 |   0.0
        D:2 |     135 |      35 |  20.6 |      24 |       1 |   4.0
        D:3 |     117 |       0 |   0.0 |      21 |       0 |   0.0
        D:4 |     278 |     203 |  42.2 |      12 |       1 |   7.7
        D:5 |     748 |     172 |  18.7 |      19 |       1 |   5.0
        D:6 |     572 |       0 |   0.0 |      22 |       0 |   0.0
            +---------+---------+-------+---------+---------+-------
